 Dungeon Crawl Stone Soup version 0.21.1-1-g345015f (webtiles) character file.

1985 Inarius the Grappler (level 9, -9/71 HPs)
             Began as a Ghoul Gladiator on Feb 27, 2018.
             Was a Follower of Qazlal.
             Mangled by a two-headed ogre
             ... wielding a +0 giant spiked club
              (13 damage)
             ... on level 8 of the Dungeon.
             The game lasted 00:12:40 (4583 turns).

Inarius the Grappler (Ghoul Gladiator)              Turns: 4583, Time: 00:12:40

Health: -9/71      AC: 14    Str: 19    XL:     9   Next: 21%
Magic:  10/10      EV: 11    Int:  2    God:    Qazlal [*.....]
Gold:   194        SH:  2    Dex: 11    Spells: 8/8 levels left

rFire    . . .     SeeInvis +     - Unarmed
rCold    + . .     Gourm    .   (no shield)
rNeg     + + +     Faith    .   k - +4 scale mail
rPois    ∞         Spirit   .   b - +0 helmet
rElec    .         Reflect  .   o - +0 cloak
rCorr    .         Harm     .   (no gloves)
MR       .....                  t - +0 pair of boots of Tenacity {SInv}
Stlth    ..........             q - amulet of regeneration
HPRegen  0.00/turn              u - -2 ring of intelligence (curse)
MPRegen  0.12/turn              (no ring)

@: rotting
A: rotting body, claws 1, carnivore, cold resistance 1, negative energy
resistance 3, inhibited regeneration, torment resistance, unbreathing
a: Renounce Religion


You were on level 8 of the Dungeon.
You worshipped Qazlal.
Qazlal was aware of your devotion.
You were not hungry.

You visited 2 branches of the dungeon, and saw 9 of its levels.

You collected 431 gold pieces.
You spent 237 gold pieces at shops.

Inventory:

Missiles
 c - 2 throwing nets (quivered)
Armour
 b - a +0 helmet (worn)
 k - a +4 scale mail (worn)
 o - a +0 cloak (worn)
 t - the +0 pair of boots of Tenacity (worn) {SInv}
   (You bought it in a shop on level 4 of the Dungeon)

   It lets you see invisible.
Jewellery
 j - an uncursed ring of fire {unknown}
 q - an amulet of regeneration (around neck)
 r - a +2 amulet of reflection
 u - a cursed -2 ring of intelligence (left claw)
Wands
 m - a wand of iceblast (7)
 w - a wand of flame (21)
Scrolls
 e - 9 scrolls of teleportation
 f - 4 scrolls of enchant armour
 n - 2 scrolls of fear
 v - a scroll of torment
Potions
 a - a potion of flight
 g - 4 potions of brilliance
 h - a potion of ambrosia
 i - 2 potions of heal wounds
 l - 2 potions of curing
Comestibles
 d - 8 rations
 p - 3 chunks of flesh


   Skills:
 + Level 3.7 Fighting
 - Level 2.2 Throwing
 + Level 4.3 Armour
 + Level 4.3 Dodging
 - Level 1.9 Stealth
 + Level 9.7 Unarmed Combat
 * Level 3.8 Invocations


You had 8 spell levels left.
You didn't know any spells.

Dungeon Overview and Level Annotations

Branches:
Dungeon (8/15)             Temple (1/1) D:5
   Lair: D:8-11

Altars:
Ashenzari
Cheibriados
Dithmenos
Elyvilon
Fedhas
Gozag
Hepliaklqana
Kikubaaqudgha
Makhleb
Nemelex Xobeh
Okawaru
Qazlal
Ru
Sif Muna
Trog
Vehumet
Wu Jian
Xom
Yredelemnul
The Shining One

Shops:
D:4 }[   D:5 ?

Annotations:
D:8 bmj180's ghost, novice HaFi


Innate Abilities, Weirdness & Mutations

Your body is rotting away.
You thrive on raw meat.
You are immune to poison.
You have sharp fingernails.
You are carnivorous and can eat meat at any time.
Your flesh is cold resistant. (rC+)
You are immune to negative energy. (rN+++)
You do not regenerate when monsters are visible.
You are immune to unholy pain and torment.
You can survive without breathing.


Message History

The two-headed ogre hits you with a giant spiked club!
The two-headed ogre hits you with a giant club!!
* * * LOW HITPOINT WARNING * * *
Items here: ( )) [ † an uncursed blowgun; 9 poisoned needles; a dagger; a leather armour an orc corpse You see here 3 stones.
Evoke which item? (* to show all) (? for menu, Esc to quit)
Aiming: Iceblast
Press: ? - help, Shift-Dir - straight line, f - two-headed ogre
Aim: a two-headed ogre, wielding a giant spiked club and a giant club (severely wounded)
The mass of ice explodes!
The iceblast engulfs the two-headed ogre.
The two-headed ogre is almost dead.
Qazlal accepts your kill.
You feel a bit more experienced.
Bmj180's ghost (novice Halfling Fighter) comes into view.
You block the two-headed ogre's attack.
The two-headed ogre hits you with a giant club!
You die...

### ##.################
######..................
.......@################
.......O.# .#####..##
#..# #..#
#.#####..########
.......W.........
#.#####..######## #
#................


You could see a two-headed ogre and bmj180's ghost.

Vanquished Creatures
  Menkaure (D:5)
  2 phantoms
  A sky beast (D:6)
  6 ogres
  A big kobold (D:8)
  Blork the orc (D:6)
  A bullfrog (D:7)
  4 wights (D:6)
  A howler monkey (D:6)
  A bullfrog zombie (D:7)
  4 hounds
  2 jellies
  An orc priest (D:7)
  A centaur skeleton (D:4)
  An orc wizard (D:7)
  Crazy Yiuf (D:3)
  4 worker ants
  A worker ant zombie (D:6)
  4 gnolls (D:5)
  12 adders
  A shadow imp (D:5)
  An ooze (D:3)
  2 adder skeletons
  A worm (D:2)
  A dart slug (D:3)
  6 leopard geckos
  6 orcs
  7 bats
  2 giant cockroaches
  9 goblins
  6 hobgoblins
  6 jackals
  12 kobolds
  6 quokkas
  A ball python (D:2)
  A ball python zombie (D:5)
  2 frilled lizards
  A leopard gecko skeleton (D:4)
  2 quokka zombies
  8 rats
131 creatures vanquished.

Notes
Turn   | Place    | Note
-------+----------+-------------------------------------------
     0 | D:1      | Inarius the Ghoul Gladiator began the quest for the Orb.
     0 | D:1      | Reached XP level 1. HP: 17/17 MP: 0/0
   258 | D:1      | Reached XP level 2. HP: 23/24 MP: 1/1
   745 | D:2      | Reached XP level 3. HP: 26/30 MP: 2/2
   751 | D:2      | Reached skill level 4 in Unarmed Combat
  1138 | D:2      | Reached XP level 4. HP: 37/37 MP: 3/3
  1601 | D:3      | Found a runed door.
  1808 | D:3      | Found a faded altar of an unknown god.
  1859 | D:3      | Noticed Crazy Yiuf
  1868 | D:3      | Killed Crazy Yiuf
  1868 | D:3      | Reached XP level 5. HP: 20/44 MP: 4/4
  1941 | D:4      | Reached skill level 1 in Stealth
  2071 | D:4      | Reached skill level 1 in Armour
  2071 | D:4      | Reached skill level 5 in Unarmed Combat
  2088 | D:4      | Found Jyofyoff's Antique Armour Shoppe.
  2109 | D:4      | Bought a pair of transparent boots for 171 gold pieces
  2114 | D:4      | Identified the +0 pair of boots of Tenacity {SInv} (You bought it in a shop on level 4 of the Dungeon)
  2441 | D:4      | Noticed a phantom
  2471 | D:4      | Killed a phantom
  2471 | D:4      | Reached XP level 6. HP: 39/50 MP: 5/5
  2523 | D:4      | Found a deep blue altar of Sif Muna.
  2701 | D:4      | Reached skill level 6 in Unarmed Combat
  2754 | D:4      | Found Ycusy's Gadget Boutique.
  2808 | D:5      | Entered Level 5 of the Dungeon
  2882 | D:5      | Found Gyipyrch's Magic Scroll Shoppe.
  2890 | D:5      | Bought 2 scrolls of identify for 44 gold pieces
  2890 | D:5      | Bought a scroll of identify for 22 gold pieces
  3043 | D:5      | Reached XP level 7. HP: 40/56 MP: 6/6
  3133 | D:5      | Found a white marble altar of Elyvilon.
  3165 | D:5      | Noticed Menkaure
  3181 | D:5      | Killed Menkaure
  3181 | D:5      | Reached skill level 7 in Unarmed Combat
  3330 | D:5      | Found a staircase to the Ecumenical Temple.
  3336 | Temple   | Entered the Ecumenical Temple
  3417 | Temple   | Became a worshipper of Qazlal Stormbringer
  3550 | D:6      | Reached skill level 1 in Invocations
  3570 | D:6      | Reached XP level 8. HP: 47/63 MP: 6/8
  3619 | D:6      | Reached skill level 8 in Unarmed Combat
  3655 | D:6      | Noticed Blork the orc
  3689 | D:6      | Killed Blork the orc
  3729 | D:6      | Found a shadowy altar of Dithmenos.
  3771 | D:6      | Found a shattered altar of Ashenzari.
  3774 | D:6      | Found a bloodstained altar of Trog.
  3967 | D:6      | Reached skill level 9 in Unarmed Combat
  3977 | D:6      | Reached * piety under Qazlal
  4083 | D:7      | Reached XP level 9. HP: 44/70 MP: 10/10
  4301 | D:7      | Found a hazy altar of Hepliaklqana.
  4558 | D:8      | Noticed a two-headed ogre
  4564 | D:8      | HP: 3/71 [two-headed ogre/giant spiked club (21)]
  4577 | D:8      | Noticed bmj180's ghost (novice HaFi)
  4583 | D:8      | Mangled by a two-headed ogre

Skill      XL: |  1  2  3  4  5  6  7  8 |
---------------+-------------------------+-----
Dodging        | 3 4 |  4.3
Unarmed Combat | 4 5 6 7 9 |  9.7
Throwing       | 2 |  2.2
Stealth        | 1 |  1.9
Armour         | 1 2 3 4 |  4.3
Fighting       | 3 |  3.7
Invocations    | 1 3 |  3.8

Action                   |  1- 3 |  4- 6 |  7- 9 || total
-------------------------+-------+-------+-------++-------
Melee: Unarmed           |   103 |   158 |   262 ||   523
       Punch             |     4 |     2 |     7 ||    13
Throw: Throwing net      |       |     3 |     2 ||     5
Evoke: Wand              |       |       |     1 ||     1
  Use: Scroll            |       |    13 |     5 ||    18
       Potion            |       |       |     1 ||     1
 Stab: Held in net/web   |       |     1 |       ||     1
  Eat: Chunk             |    11 |     7 |    27 ||    45
Armor: Ring mail         |     7 |       |       ||     7
       Scale mail        |    60 |    62 |   103 ||   225
Dodge: Dodged            |    70 |    61 |   142 ||   273
Block: Other             |       |       |    10 ||    10
